 Dungeon Crawl Stone Soup version 0.30-a0-174-gbc10bd73c2 (webtiles) character file.

Game seed: 10304716747974265401

114 qw the Chopper (level 4, -5/28 HPs)
             Began as a Gargoyle Fighter on Oct 1, 2022.
             Slain by Edmund
             ... wielding a +0 dire flail of protection
              (12 damage)
             ... on level 4 of the Dungeon.
             The game lasted 00:00:46 (2162 turns).

qw the Chopper (Gargoyle Fighter)                   Turns: 2162, Time: 00:00:47

Health: -5/28      AC: 11    Str: 22    XL:     4   Next: 98%
Magic:  4/4        EV:  9    Int:  8    God:
Gold:   155        SH:  4    Dex:  9    Spells: 3/3 levels left

rFire   . . .      SeeInvis .    Y - +3 war axe
rCold   . . .      Faith    .    c - +0 buckler
rNeg    + . .      Spirit   .    b - +0 scale mail
rPois   inf        Reflect  .    i - +0 helmet
rElec   +          Harm     .    (no cloak)
rCorr   .          Rampage  .    (no gloves)
Will    .....                    (no boots)
Stlth   ..........               g - amulet of the acrobat
HPRegen 0.24/turn                (no ring)
MPRegen 0.09/turn                (no ring)

@: about to teleport
A: sickness immunity, AC +3, negative energy resistance 1, electricity
resistance, torment resistance 1, petrification resistance
a: no special abilities


You were on level 4 of the Dungeon.
You visited 1 branch of the dungeon, and saw 4 of its levels.

You collected 155 gold pieces.


Innate Abilities, Weirdness & Mutations

You are immune to sickness and miasma.
Your stone body is resilient. (AC +3)
You are immune to poison.
You resist negative energy. (rN+)
You are resistant to electric shocks. (rElec)
You are resistant to unholy torment.
You are immune to petrification.


   Skills:
 - Level 3.2 Fighting
 + Level 4.5 Axes
 - Level 3.2 Armour
 - Level 3.2 Shields


You had 3 spell levels left.
You didn't know any spells.
Your spell library was empty.

Inventory:

Hand Weapons
 a - a +0 whip
 Y - a +3 war axe (weapon)
Armour
 b - a +0 scale mail (worn)
 c - a +0 buckler (worn)
 i - a +0 helmet (worn)
Jewellery
 f - a ring of magical power
 g - an amulet of the acrobat (around neck)
Potions
 d - 2 potions of might
 h - a potion of brilliance {unknown}
 j - a potion of flight {unknown}
 k - a potion of berserk rage {unknown}
 l - a potion of curing
 o - a potion of heal wounds {unknown}
 p - 2 potions of attraction {unknown}

Dungeon Overview and Level Annotations

Branches:
Dungeon (4/15)
 Temple: D:4-7

Altars:

Annotations:
D:4 Edmund


Message History

You barely miss Edmund.
Edmund is moderately wounded.
Edmund closely misses you.
You hit Edmund.
Edmund is moderately wounded.
Edmund hits you but does no damage.
You hit Edmund but do no damage.
Edmund is moderately wounded.
Edmund hits you but does no damage. x2
You hit Edmund but do no damage.
Edmund is moderately wounded.
Edmund hits you with a +0 dire flail of protection.
You closely miss Edmund.
Edmund is moderately wounded.
Edmund hits you with a +0 dire flail of protection.
You barely miss Edmund.
Edmund is moderately wounded.
Edmund hits you but does no damage.
Edmund hits you with a +0 dire flail of protection!
You hit Edmund but do no damage.
Edmund is moderately wounded.
You block Edmund's attack.
You hit Edmund but do no damage.
Edmund is moderately wounded.
You block Edmund's attack.
You hit Edmund.
Edmund is heavily wounded.
Edmund hits you but does no damage.
You hit Edmund.
Edmund is heavily wounded.
Edmund hits you but does no damage.
Edmund hits you with a +0 dire flail of protection.
You hit Edmund but do no damage.
Edmund is heavily wounded.
Edmund hits you with a +0 dire flail of protection.
2162 ||| READING scroll of teleportation.
As you read the scroll of teleportation, it crumbles to dust.
You feel strangely unstable.
Edmund hits you with a +0 dire flail of protection!
You die...

................##777
7
.###..........#....7.7
...##..##...........7
#...#..##..#......7
##..#.######.....7
##....#.###..#
#..#.........#
#..#.........#
........#....@#
.....##.###...@..#
.....##... #....?..#
.....#.... #.#.......
......... #....#.#....
.. ......##.##.####...
. #.# ... . ..# ##


You could see Edmund.

Vanquished Creatures
  Jessica (D:3)
  3 adders
  4 dart slugs
  5 orcs (D:3)
  3 ball pythons
  5 endoplasms
  3 giant cockroaches
  4 goblins
  5 hobgoblins
  4 bats
  4 frilled lizards
  5 kobolds
  2 rats
48 creatures vanquished.

Notes
Turn   | Place    | Note
-------+----------+-------------------------------------------
     0 | D:1      | qw the Gargoyle Fighter began the quest for the Orb.
     0 | D:1      | Reached XP level 1. HP: 14/14 MP: 1/1
     0 | D:1      | 0 ||| qw: Version: 0.2-a-13-gfc7b4b4
     0 | D:1      | 0 ||| qw: Game counter: 1852
     0 | D:1      | 0 ||| qw: Always use a shield: true
     0 | D:1      | 0 ||| qw: God list: Okawaru
     0 | D:1      | 0 ||| qw: Allow faded altars: false
     0 | D:1      | 0 ||| qw: Do Orc after D:15 true
     0 | D:1      | 0 ||| qw: Do second Lair branch before Depths: true
     0 | D:1      | 0 ||| qw: Lair rune preference: random
     0 | D:1      | 0 ||| qw: Plans: Normal, Zot:1-4, God:TSO, Crypt, Tomb,
                  | Pan, Slime:5, Hells, Abyss, Orb
     0 | D:1      | 0 ||| PLANNING D:1-11
    26 | D:1      | Reached skill level 2 in Axes
   186 | D:1      | Reached XP level 2. HP: 19/19 MP: 2/2
   620 | D:1      | Found a faded altar of an unknown god.
   653 | D:1      | 653 ||| Stepping ~*~*~tactically~*~*~ (stealth).
   725 | D:1      | Reached skill level 3 in Axes
   749 | D:1      | 749 ||| UPGRADING to +0 helmet.
   754 | D:1      | 754 ||| UPGRADING to amulet of the acrobat.
   759 | D:1      | 759 ||| READING scroll labelled ZYMIAME BIEGYL.
   760 | D:1      | 760 ||| DRINKING 2 green potions.
   801 | D:2      | Reached XP level 3. HP: 23/23 MP: 3/3
  1347 | D:2      | 1347 ||| READING 3 scrolls labelled JAJEAST DYAPULUU.
  1348 | D:2      | 1348 ||| READING 2 scrolls of enchant weapon.
  1348 | D:2      | 1348 ||| ENCHANTING +1 war axe.
  1349 | D:2      | 1349 ||| READING scroll of enchant weapon.
  1349 | D:2      | 1349 ||| ENCHANTING +2 war axe.
  1350 | D:2      | 1350 ||| READING 2 scrolls labelled DEHUD KORGHIAF.
  1353 | D:2      | 1353 ||| READING 2 scrolls labelled ZIAHU TUFEIDWEST.
  1354 | D:2      | 1354 ||| READING scroll labelled WIKEUW ALUIXT.
  1355 | D:2      | 1355 ||| DROPPING scroll of amnesia.
  1375 | D:3      | Noticed Jessica
  1384 | D:3      | Killed Jessica
  1385 | D:3      | Reached XP level 4. HP: 21/28 MP: 4/4
  1488 | D:3      | 1488 ||| DROPPING +0 club.
  1496 | D:3      | Reached skill level 4 in Axes
  1518 | D:3      | 1518 ||| Stepping ~*~*~tactically~*~*~ (stealth).
  1536 | D:3      | 1536 ||| Stepping ~*~*~tactically~*~*~ (stealth).
  1537 | D:3      | 1537 ||| Stepping ~*~*~tactically~*~*~ (stealth).
  1586 | D:3      | 1586 ||| Stepping ~*~*~tactically~*~*~ (hiding).
  1874 | D:3      | 1874 ||| READING scroll labelled AMAN ZOACUIF.
  1901 | D:4      | 1901 ||| Stepping ~*~*~tactically~*~*~ (hiding).
  1903 | D:4      | 1903 ||| Stepping ~*~*~tactically~*~*~ (hiding).
  2056 | D:4      | 2056 ||| Stepping ~*~*~tactically~*~*~ (stealth).
  2087 | D:4      | 2087 ||| Stepping ~*~*~tactically~*~*~ (stealth).
  2137 | D:4      | Noticed Edmund
  2161 | D:4      | HP: 7/28 [Edmund/+0 dire flail of protection (3)]
  2162 | D:4      | 2162 ||| READING scroll of teleportation.
  2162 | D:4      | Slain by Edmund

Levels and vault maps discovered:
D:1:      lordsloth_arrival_two_stooges, layout_basic, basic_ecumenical_altar
D:2:      layout_basic
D:3:      layout_rooms, uniq_jessica
D:4:      layout_cave_pools, nicolae_hepliaklqana_ecumenical_no_more,
          minmay_temple_entry_statues_pillars, hangedman_abyss_or_decor_slice,
          uniq_edmund, uniq_crazy_yiuf_cottage

Skill      XL: |  1  2  3  4 |
---------------+-------------+-----
Axes           | 2 3 4 |  4.5
Fighting       | |  3.2
Armour         | |  3.2
Shields        | |  3.2

Action                   |  1- 3 |  4- 6 || total
-------------------------+-------+-------++-------
Melee: War axe           |    65 |    61 ||   126
  Use: Scroll            |     7 |     2 ||     9
       Potion            |     1 |       ||     1
Armor: Scale mail        |    26 |    23 ||    49
Dodge: Dodged            |    28 |    18 ||    46
Block: Buckler           |    17 |     8 ||    25

Table legend:
 A = Non-vault XP
 B = Vault XP
 C = Vault XP percentage of total XP
 D = Non-vault monster count
 E = Vault monster count
 F = Vault count percentage of total count
                 A         B        C        D         E       F
            +---------+---------+-------+---------+---------+-------
      Total |     127 |      37 |  22.6 |      47 |       1 |   2.1
            +---------+---------+-------+---------+---------+-------
        D:1 |      31 |       0 |   0.0 |      17 |       0 |   0.0
        D:2 |      23 |       0 |   0.0 |       7 |       0 |   0.0
        D:3 |      47 |      37 |  44.0 |      16 |       1 |   5.9
        D:4 |      26 |       0 |   0.0 |       7 |       0 |   0.0
            +---------+---------+-------+---------+---------+-------
